 Dungeon Crawl Stone Soup version 0.31-a0-675-g238779eb0a (webtiles) character file.

Game seed: 5937805068976627421

232478 MrCrawl the Warrior (level 18, -11/149 (179) HPs)
             Began as a Minotaur Berserker on Sept 5, 2023.
             Was the Champion of Trog.
             Mangled by a +4 lajatang of draining (22 damage)
             ... on level 2 of the Elven Halls.
             The game lasted 01:30:34 (38630 turns).

MrCrawl the Warrior (Minotaur Berserker)           Turns: 38630, Time: 01:30:35

HP:   -11/149 (179) AC: 24    Str: 40    XL:     18   Next: 39%
MP:   0/5           EV: 12    Int: 10    God:    Trog [******]
Gold: 517           SH: 21    Dex: 13    Spells: 17/17 levels left

rFire   + + +        f - +5 demon whip "Spellbinder" {antimagic, disrupt, Will+}
rCold   . . .        W - +0 tower shield
rNeg    . . .        Q - +0 acid dragon scales
rPois   +            l - +2 hat "Vofa" {Int+6}
rElec   .            C - scarf {repulsion}
rCorr   +            w - +2 pair of gloves of Defiance {rF+++}
SInv    .            Y - +1 pair of boots {Fly}
Will    ++...        u - amulet of the Hippogriff {Faith rPois Str+4 Dex+3 Slay-2}
Stlth   +            n - +6 ring of strength
HPRegen 0.44/turn    E - +4 ring of protection
MPRegen 0.09/turn

%: repel missiles, faith
@: on berserk cooldown, flying, slowed, heavily drained, very slow
A: horns 2, retaliatory headbutt
}: 2/15 runes: decaying, gossamer
a: Renounce Religion, Berserk, Trog's Hand, Brothers in Arms


You were on level 2 of the Elven Halls.
You worshipped Trog.
Trog was exalted by your worship.
You visited 6 branches of the dungeon, and saw 30 of its levels.
You also visited: Bailey and Gauntlet.

You collected 3180 gold pieces.
You spent 2663 gold pieces at shops.

Inventory:

Hand Weapons
 f - the +5 demon whip "Spellbinder" (weapon) {antimagic, disrupt, Will+}
   (You bought it in a shop on level 2 of the Orcish Mines)

   Will+:     It increases your willpower.
 i - the +5 short sword of Gyugron {freeze, *Rage rElec Dex+6 SInv}
   (You found it on level 2 of the Dungeon)

   Dex+6:     It affects your dexterity (+6).
   rElec:     It insulates you from electricity.
   SInv:      It lets you see invisible.
   *Rage:     It berserks you when you make melee attacks (+20% chance).
 O - a +9 broad axe of freezing
 X - a +3 broad axe of flaming
Missiles
 e - 13 curare-tipped darts
 z - 22 poisoned darts
 N - 6 silver javelins
 V - 2 throwing nets
Armour
 d - a +9 plate armour of cold resistance
 l - the +2 hat "Vofa" (worn) {Int+6}
   (You found it on level 4 of the Spider Nest)

   Int+6:     It affects your intelligence (+6).
 q - a +0 cloak
 s - the +2 ring mail of the First Allies {Drain rC++ Str+5}
   (You found it on level 12 of the Dungeon)

   Str+5:     It affects your strength (+5).
   rC++:      It greatly protects you from cold.
   Drain:     It drains your maximum health when unequipped.
 w - the +2 pair of gloves of Defiance (worn) {rF+++}
   (You acquired it on level 12 of the Dungeon)

   rF+++:     It renders you almost immune to fire.
 C - a scarf of repulsion (worn)
 Q - +0 acid dragon scales (worn)
 U - an orb of mayhem
 W - a +0 tower shield (worn)
 Y - a +1 pair of boots of flying (worn)
Jewellery
 h - the ring "Koorisod" {rF- rC++ rCorr}
   (You found it on level 3 of the Spider Nest)

   [ring of resist corrosion]

   rF-:       It makes you vulnerable to fire.
   rC++:      It greatly protects you from cold.
   rCorr:     It protects you from acid and corrosion.
 n - a +6 ring of strength (left hand)
 u - the amulet of the Hippogriff (around neck) {Faith rPois Str+4 Dex+3 Slay-2}
   (You took it off a minotaur in a Gauntlet)

   [amulet of faith]

   Faith:     It allows you to gain divine favour quickly.
   Str+4:     It affects your strength (+4).
   Dex+3:     It affects your dexterity (+3).
   Slay-2:    It affects your accuracy & damage with ranged weapons and melee
   (-2).
   rPois:     It protects you from poison
 B - a ring of protection from cold
 E - a +4 ring of protection (right hand)
 T - a ring of poison resistance
Wands
 m - a wand of roots (6)
 p - a wand of flame (41)
 D - a wand of digging (6)
 R - a wand of mindburst (18)
 S - a wand of paralysis (30)
Scrolls
 a - 4 scrolls of immolation
 b - 4 scrolls of fear
 c - 8 scrolls of teleportation
 g - 2 scrolls of brand weapon
 j - 5 scrolls of poison
 v - a scroll of butterflies
 y - 4 scrolls of revelation
 A - 6 scrolls of enchant weapon
 F - 2 scrolls of identify
 L - 4 scrolls of fog
 M - 4 scrolls of blinking
Potions
 k - 9 potions of haste
 o - 3 potions of berserk rage
 r - 8 potions of ambrosia
 t - 12 potions of curing
 x - 3 potions of magic
 G - 4 potions of cancellation
 H - 2 potions of invisibility
 I - 5 potions of might
 J - 4 potions of resistance
 K - 2 potions of lignification
 P - a potion of attraction
 Z - 2 potions of enlightenment


   Skills:
 + Level 20.3 Fighting
 - Level 4.8 Short Blades
 + Level 20.3 Axes
 + Level 20.2 Armour
 - Level 4.0 Dodging
 + Level 19.7 Shields


You had 17 spell levels left.
You didn't know any spells.
Your spell library was empty.

Dungeon Overview and Level Annotations

Branches:
Dungeon (13/15)            Temple (0/1) D:4            Lair (5/5) D:8
  Swamp (4/4) Lair:2       Spider (4/4) Lair:3        Slime (0/5) Lair:5
    Orc (2/2) D:10            Elf (2/3) Orc:2        Bailey (visited)
Gauntlet (visited)
 Vaults: D:13-14

Altars:
Cheibriados
Dithmenos
Elyvilon
Fedhas
Hepliaklqana
Makhleb
Okawaru
Ru
Sif Muna
Uskayaw
Vehumet
Xom
Yredelemnul
The Shining One
Jiyva

Shops:
D:12 *!   Orc:2 :([*   Elf:2 (

Annotations:
D:8 1 transporter
D:10 exclusion: orange crystal statue
D:13 1 runed translucent door, Caekett's ghost, journeyman GnRe
Swamp:1 Roxanne


Innate Abilities, Weirdness & Mutations

You have a pair of horns on your head.
You reflexively headbutt those who attack you in melee.


Message History

You block the deep elf knight's attack.
You block the +0 antimagic mace's attack.
You see here a +0 shortbow.
You miss the +0 antimagic mace.
Your headbutt misses the +0 antimagic mace.
The +0 antimagic mace is heavily damaged.
You thrash the +0 antimagic mace!!
The +0 antimagic mace falls from the air.
Trog accepts your kill. The +4 lajatang of draining hits you!
* * * LOW HITPOINT WARNING * * *
You feel drained.
* * * LOW HITPOINT WARNING * * *
You block the deep elf knight's attack.
You closely miss the deep elf knight. You headbutt the deep elf knight!!
The deep elf knight is almost dead.
You hit the deep elf knight.
You kill the deep elf knight!
Trog accepts your kill.
Trog appreciates your killing of a magic user.
You block the +4 lajatang of draining's attack.
Unknown command.
Unknown command.
The +4 lajatang of draining attacks as it pursues you!
The +4 lajatang of draining hits you!!
* * * LOW HITPOINT WARNING * * *
You feel drained.
* * * LOW HITPOINT WARNING * * *
You feel a strong urge to attack something.
You are no longer berserk.
You are exhausted.
You feel yourself slow down.
The +4 lajatang of draining attacks as it pursues you!
The +4 lajatang of draining hits you but does no damage.
You feel drained.
You whack the +4 lajatang of draining!
You headbutt the +4 lajatang of draining, but do no damage.
The +4 lajatang of draining is moderately damaged.
The +4 lajatang of draining hits you!!
You die...

###### ############## ###
.....###........@(..###....
....#...#..........#...#...
...#.....#........#)....#.
..#.......#......#).)....#
.#.........#....#).)......#
#...........#..#...........
.............##............
.............##............
#...........#..#...........


You could see a +4 lajatang of draining.

Vanquished Creatures
  Bai Suzhen (Swamp:4)
  Gastronok (D:9)
  Frances (Spider:1)
  2 thorn hunters (Swamp:4)
  Donald (Swamp:3)
  Kirke (Swamp:4)
  A fenstrider witch (Swamp:4)
  Agnes (Elf:2)
  A deep elf sorcerer (Elf:2)
  4 emperor scorpions
  A balrug (Orc:1)
  The ghost of Suoweyxo the Swashbuckler, an adept KoBr of Ru (Elf:1)
  An orc warlord (Orc:2)
  7 ghost moths
  2 vampire knights
  A deep elf annihilator (Elf:1)
  A minotaur (Gauntlet)
  2 eleionomae
  5 bunyips
  A deep elf demonologist (Elf:1)
  3 spark wasps
  The ghost of Okey the Cleaver, a journeyman DDFi of Okawaru (Lair:4)
  A dire elephant (Lair:5)
  2 entropy weavers
  2 shambling mangroves
  Josephine (Lair:3)
  2 jorogumos
  10 alligators
  3 catoblepae (Lair:5)
  9 hydras
  2 centaur warriors (D:13)
  2 ghost crabs (Swamp:2)
  2 radroaches
  12 demonic crawlers
  3 two-headed ogres
  4 boulder beetles
  A hell hog (Gauntlet)
  16 dancing weapons
  A deep troll shaman (Lair:5)
  5 death yaks
  2 orc high priests (Orc:2)
  2 spriggan berserkers (Swamp:1)
  8 deep elf knights (Elf:2)
  A sun demon (D:10)
  2 fire crabs (Lair:5)
  2 skysharks
  6 pharaoh ants
  A sixfirhy (D:10)
  5 skeletal warriors (D:13)
  3 swamp dragons
  3 spectral hydras (Swamp:4)
  2 goliath frogs
  6 spriggan druids
  2 flayed ghosts (Swamp:4)
  8 orb spiders
  A deep elf archer (Elf:1)
  A bog body (Swamp:2)
  9 deep elf zephyrmancers
  A phantasmal warrior (Swamp:4)
  5 steelbarb worms
  23 deep elf pyromancers
  3 orc knights
  A cyclops (D:12)
  5 moths of wrath
  2 orc sorcerers
  4 will-o-the-wisps
  14 wolf spiders
  2 manticores (Lair:5)
  4 oklob plants
  An ugly thing (D:11)
  10 elephants
  Joseph (Lair:1)
  7 black mambas
  A gargoyle (D:11)
  10 torpor snails
  8 cane toads
  2 kobold demonologists (D:11)
  2 rime drakes (Gauntlet)
  9 komodo dragons
  An unseen horror (D:9)
  An ice devil (D:10)
  9 trolls
  5 meliai
  3 death drake zombies (Swamp:4)
  3 polar bears (Lair:5)
  10 tyrant leeches
  2 hellwings (D:10)
  8 blink frogs
  A hornet (Swamp:3)
  Grinder (D:6)
  26 tarantellas
  2 hydra skeletons (Swamp:4)
  16 culicivoras
  3 air elementals
  4 spriggans
  23 jumping spiders
  A shadow (D:12)
  36 yaks
  8 wraiths
  4 wyverns
  A basilisk (D:11)
  A fire elemental (Elf:2)
  A hog (Swamp:4)
  A chaos spawn (D:10)
  Eustachio (D:4)
  50 redbacks
  3 fire bats (Gauntlet)
  7 vampire mosquitoes
  4 steam dragons
  3 wargs
  13 swamp worms
  13 water moccasins
  2 acid dragons
  3 hydra simulacra (Swamp:4)
  A hell hound (Gauntlet)
  28 orc warriors
  7 swamp drakes (Swamp:4)
  A black bear (shapeshifter) (D:11)
  4 black bears
  5 ice beasts
  2 swamp dragon zombies (Swamp:4)
  11 ogres
  9 centaurs
  24 wolves
  2 phantoms (D:10)
  Blork the orc (D:6)
  4 gnoll sergeants
  9 bullfrogs
  7 scorpions
  An earth elemental (Elf:1)
  11 wights
  A troll zombie (D:10)
  7 howler monkeys
  3 electric eels
  2 quasits (D:10)
  5 orc priests
  6 hounds
  3 jellies (D:6)
  Crazy Yiuf (D:2)
  4 iguanas
  A sleepcap (D:7)
  6 hell rats (Lair:4)
  Natasha (thrice) (D:2)
  17 orc wizards
  7 ogre zombies (D:10)
  20 gnolls
  9 adders
  2 shadow imps
  3 white imps (D:6)
  3 worms
  6 dart slugs
  56 orcs
  6 endoplasms
  5 giant cockroaches
  10 goblins
  4 hobgoblins
  9 jackals
  16 kobolds
  2 quokkas (D:4)
  8 ball pythons
  7 bats
  4 frilled lizards
  2 goblin skeletons (D:10)
  5 goblin zombies (D:10)
  3 hobgoblin skeletons (D:10)
  3 hobgoblin zombies (D:10)
  An orc skeleton (D:10)
  11 orc zombies (D:10)
  4 rats
959 creatures vanquished.

Vanquished Creatures (collateral kills)
  Jorgrun (D:12)
  A spark wasp (Spider:4)
  A shambling mangrove (Swamp:4)
  2 dancing weapons (Elf:2)
  3 death yaks (Lair:4)
  An orc high priest (Orc:2)
  2 deep elf pyromancers (Elf:2)
  A swamp dragon (Swamp:4)
  3 deep elf zephyrmancers (Elf:2)
  A wolf spider (Spider:4)
  2 orc sorcerers (Orc:2)
  An orc knight (Orc:2)
  A will-o-the-wisp (Swamp:1)
  5 elephants
  A moth of wrath (Spider:4)
  A black mamba (Lair:4)
  2 tyrant leeches (Swamp:4)
  A tarantella (Lair:3)
  3 hornets
  A jumping spider (Spider:4)
  A water elemental (Elf:2)
  A spriggan (Swamp:1)
  A wyvern (Lair:4)
  2 wraiths (Lair:3)
  3 yaks
  A redback (Spider:4)
  2 swamp worms
  A water moccasin (Lair:4)
  2 orc warriors (Orc:2)
  2 wolves
  An ogre (Orc:2)
  An orc priest (Orc:1)
  An orc wizard (Orc:1)
  3 orcs
56 creatures vanquished.

Vanquished Creatures (others)
  A hydra (Swamp:4)
  A death yak (Lair:5)
  A spriggan druid (Swamp:4)
  A necromancer (Gauntlet)
  A black mamba (Lair:5)
  3 elephants
  A komodo dragon (Lair:5)
  A death drake zombie (Swamp:4)
  A spriggan (Swamp:3)
  3 humans (Swamp:4)
  A steam dragon (Lair:5)
  2 wolves (Lair:4)
  A scorpion (Lair:5)
  An orc priest (Orc:2)
  An orc (Orc:2)
  8 foxfires (Swamp:1)
28 creatures vanquished.

Grand Total: 1043 creatures vanquished

Notes
Turn   | Place    | Note
-------+----------+-------------------------------------------
     0 | D:1      | MrCrawl the Minotaur Berserker began the quest for the Orb.
     0 | D:1      | Reached XP level 1. HP: 19/19 MP: 0/0
   330 | D:1      | Reached XP level 2. HP: 27/27 MP: 1/1
   859 | D:2      | Reached ** piety under Trog
   860 | D:2      | Reached XP level 3. HP: 28/33 MP: 2/2
   896 | D:2      | Noticed Natasha
   902 | D:2      | Killed Natasha
  1025 | D:2      | Reached XP level 4. HP: 37/41 MP: 3/3
  1062 | D:2      | Found a faded altar of an unknown god.
  1128 | D:2      | Identified the +5 short sword of Gyugron {freeze, *Rage
                  | rElec Dex+6 SInv}
  1218 | D:2      | Noticed Natasha
  1225 | D:2      | Killed Natasha
  1305 | D:2      | Noticed Natasha
  1309 | D:2      | Killed Natasha
  1310 | D:2      | Reached XP level 5. HP: 47/47 MP: 4/4
  1594 | D:2      | Found a runed translucent door.
  1595 | D:2      | Noticed Crazy Yiuf
  1664 | D:2      | Killed Crazy Yiuf
  1798 | D:3      | Noticed an ice beast
  1812 | D:3      | Killed an ice beast
  1813 | D:3      | Reached skill level 5 in Fighting
  1813 | D:3      | Reached skill level 5 in Axes
  1813 | D:3      | Reached XP level 6. HP: 56/56 MP: 5/5
  2122 | D:3      | Reached *** piety under Trog
  2581 | D:3      | Found a sacrificial altar of Ru.
  2720 | D:4      | Found a staircase to the Ecumenical Temple.
  2951 | D:4      | Reached skill level 1 in Shields
  3075 | D:4      | Reached skill level 5 in Armour
  3075 | D:4      | Reached XP level 7. HP: 62/62 MP: 6/6
  3152 | D:4      | Noticed Eustachio
  3166 | D:4      | Killed Eustachio
  3570 | D:5      | Entered Level 5 of the Dungeon
  3659 | D:5      | Reached XP level 8. HP: 66/71 MP: 7/7
  3709 | D:5      | Found a shadowy altar of Dithmenos.
  3916 | D:5      | Found a blossoming altar of Fedhas.
  3967 | D:5      | Reached **** piety under Trog
  4155 | D:6      | Noticed Blork the orc
  4165 | D:6      | Killed Blork the orc
  4538 | D:6      | Reached skill level 5 in Shields
  4811 | D:6      | Found a hazy altar of Hepliaklqana.
  4865 | D:6      | Reached XP level 9. HP: 81/81 MP: 8/8
  4877 | D:6      | Found an iron altar of Okawaru.
  4878 | D:6      | Noticed Grinder
  4895 | D:6      | Killed Grinder
  5016 | D:6      | Found a radiant altar of Vehumet.
  5448 | D:7      | Reached ***** piety under Trog
  5452 | D:7      | Found a flagged portal.
  5556 | Bailey   | Entered a bailey
  5904 | Bailey   | Reached skill level 10 in Fighting
  5904 | Bailey   | Reached skill level 10 in Axes
  5904 | Bailey   | Reached skill level 10 in Armour
  5904 | Bailey   | Reached XP level 10. HP: 94/94 MP: 9/9
  5931 | Bailey   | Noticed an orc knight
  5946 | Bailey   | Killed an orc knight
  6125 | D:7      | Found a snail-covered altar of Cheibriados.
  6515 | D:7      | Found a radiant altar of Vehumet.
  6518 | D:7      | Found a shimmering blue altar of Sif Muna.
  6518 | D:7      | Found a white marble altar of Elyvilon.
  6520 | D:7      | Found a shimmering altar of Xom.
  6520 | D:7      | Found a white marble altar of Elyvilon.
  6520 | D:7      | Found a sacrificial altar of Ru.
  6744 | D:7      | Found a burning altar of Makhleb.
  6878 | D:8      | Found a transporter.
  6880 | D:8      | Found a transporter.
  6901 | D:8      | Found a transporter.
  6931 | D:8      | Reached XP level 11. HP: 101/101 MP: 10/10
  6998 | D:8      | Found a hide-covered altar of Uskayaw.
  7042 | D:8      | Found a transporter.
  7093 | D:8      | Found a staircase to the Lair.
  7460 | D:8      | Received a gift from Trog
  7511 | D:8      | Identified the +3 robe of Ali Bic {Str+3 Dex+4 SInv}
  8046 | D:9      | Reached skill level 10 in Shields
  8083 | D:9      | Noticed a two-headed ogre
  8089 | D:9      | Killed a two-headed ogre
  8092 | D:9      | Noticed Gastronok
  8103 | D:9      | Killed Gastronok
  8730 | D:10     | Entered Level 10 of the Dungeon
  8749 | D:10     | Noticed a sixfirhy
  8768 | D:10     | Killed a sixfirhy
  9104 | D:10     | Found a staircase to the Orcish Mines.
  9472 | D:10     | Noticed a sun demon
  9484 | D:10     | Noticed a two-headed ogre
  9489 | D:10     | Killed a sun demon
  9781 | D:10     | Noticed an orange crystal statue
  9825 | D:10     | Reached XP level 12. HP: 102/112 MP: 11/11
  9825 | D:10     | Reached ****** piety under Trog
  9830 | D:10     | Killed a two-headed ogre
  9962 | D:10     | Found a glowing golden altar of the Shining One.
 10999 | D:12     | Found Hampog Fahol's General Store.
 11007 | D:12     | Bought a potion of curing for 51 gold pieces
 11007 | D:12     | Bought 2 curare-tipped darts for 40 gold pieces
 11042 | D:12     | Identified a scroll of acquirement
 11043 | D:12     | Acquired the +2 pair of gloves of Defiance {rF+++}
 11226 | D:12     | Noticed a boulder beetle
 11238 | D:12     | Killed a boulder beetle
 11403 | D:12     | Found Onamump's Distillery.
 11406 | D:12     | Bought a potion of haste for 160 gold pieces
 11406 | D:12     | Bought a potion of resistance for 160 gold pieces
 11406 | D:12     | Bought a potion of ambrosia for 128 gold pieces
 11561 | D:12     | Identified the +2 ring mail of the First Allies {Drain rC++
                  | Str+5}
 11629 | D:12     | Noticed Jorgrun
 11830 | D:12     | Killed Jorgrun
 12101 | D:13     | Noticed a centaur warrior
 12108 | D:13     | Killed a centaur warrior
 12126 | D:13     | Noticed a centaur warrior
 12137 | D:13     | Killed a centaur warrior
 12459 | D:13     | Found a runed translucent door.
 12459 | D:13     | Found a shimmering altar of Xom.
 12459 | D:13     | Noticed Caekett's ghost (journeyman GnRe)
 12503 | D:13     | Noticed a rakshasa
 12503 | D:13     | Noticed a vault guard
 12539 | D:12     | Reached XP level 13. HP: 117/122 MP: 12/12
 12654 | Lair:1   | Entered Level 1 of the Lair of Beasts
 12659 | Lair:1   | Noticed Joseph
 12662 | Lair:1   | Killed Joseph
 13101 | Lair:1   | Identified the +1 ring mail "Xeafigg" {Regen+}
 13253 | Lair:1   | Received a gift from Trog
 14442 | Lair:2   | HP: 5/124 [swamp worm (7)]
 14852 | Lair:2   | Found a staircase to the Swamp.
 15599 | Lair:3   | Noticed Josephine
 15611 | Lair:3   | Killed Josephine
 16019 | Lair:3   | Found a hole to the Spider Nest.
 16393 | Lair:3   | You fall into a shaft and drop 2 floors!
 16393 | Lair:5   | Entered Level 5 of the Lair of Beasts
 16855 | Lair:5   | Received a gift from Trog
 16860 | Lair:5   | Reached XP level 14. HP: 97/133 MP: 13/13
 17146 | Lair:5   | Reached skill level 15 in Fighting
 17305 | Lair:5   | Reached skill level 15 in Axes
 17854 | Lair:4   | Found a gate leading to a gauntlet.
 17864 | Lair:4   | Reached skill level 15 in Armour
 17924 | Gauntlet | Entered a Gauntlet
 17924 | Gauntlet | Found a transporter.
 17973 | Gauntlet | Found a transporter.
 17983 | Gauntlet | Found a transporter.
 17988 | Gauntlet | Found a transporter.
 18004 | Gauntlet | Found a transporter.
 18023 | Gauntlet | Found a transporter.
 18035 | Gauntlet | Found a transporter.
 18047 | Gauntlet | Found a transporter.
 18055 | Gauntlet | Found a large runed translucent door.
 18056 | Gauntlet | Found a large runed translucent door.
 18057 | Gauntlet | Found a large runed translucent door.
 18057 | Gauntlet | Found a large runed translucent door.
 18058 | Gauntlet | Found a runed translucent gate.
 18059 | Gauntlet | Found a transporter.
 18059 | Gauntlet | Found a runed translucent gate.
 18060 | Gauntlet | Found a runed translucent gate.
 18061 | Gauntlet | Found a large runed translucent door.
 18061 | Gauntlet | Found a large runed translucent door.
 18061 | Gauntlet | Found a runed translucent door.
 18061 | Gauntlet | Found a runed translucent door.
 18062 | Gauntlet | Found a large runed translucent door.
 18063 | Gauntlet | Found a large runed translucent door.
 18065 | Gauntlet | Found a transporter.
 18065 | Gauntlet | Found a transporter.
 18067 | Gauntlet | Found a transporter.
 18075 | Gauntlet | Found a large runed translucent door.
 18075 | Gauntlet | Found a large runed translucent door.
 18076 | Gauntlet | Found a large runed translucent door.
 18077 | Gauntlet | Found a large runed translucent door.
 18085 | Gauntlet | Found a transporter.
 18087 | Gauntlet | Found a large runed translucent door.
 18087 | Gauntlet | Found a large runed translucent door.
 18088 | Gauntlet | Found a large runed translucent door.
 18089 | Gauntlet | Found a large runed translucent door.
 18091 | Gauntlet | Found a transporter.
 18147 | Gauntlet | Found a transporter.
 18183 | Gauntlet | Found a transporter.
 18199 | Gauntlet | Found a transporter.
 18200 | Gauntlet | Found a transporter.
 18423 | Gauntlet | Identified the +0 rapier of a sewer {speed, Str+3 Int+3}
 18423 | Gauntlet | Identified the amulet of the Hippogriff {Faith rPois Str+4
                  | Dex+3 Slay-2}
 18577 | Lair:4   | Noticed Okey's ghost (journeyman DDFi)
 18578 | Lair:4   | Found a runed translucent door.
 18598 | Lair:4   | Killed Okey's ghost
 19323 | Lair:4   | Reached skill level 15 in Shields
 19945 | Lair:5   | Found a viscous altar of Jiyva.
 19946 | Lair:5   | Found a staircase to the Slime Pits.
 20217 | Lair:5   | Identified the +5 rapier of Putrescence {flame, Drain rElec
                  | Dex+5}
 20940 | Orc:1    | Entered Level 1 of the Orcish Mines
 21566 | Orc:1    | Found a runed translucent door.
 21569 | Orc:1    | Noticed a balrug
 21583 | Orc:1    | Killed a balrug
 21870 | Orc:2    | Entered Level 2 of the Orcish Mines
 21870 | Orc:2    | Found a staircase to the Elven Halls.
 21885 | Orc:2    | Received a gift from Trog
 21896 | Orc:2    | Reached XP level 15. HP: 88/144 MP: 14/14
 22118 | Orc:2    | Found Oso Dotop's Book Emporium.
 22230 | Orc:2    | Found Iley's Antique Armour Emporium.
 22385 | Orc:2    | Found Mar Qoet's General Store.
 22385 | Orc:2    | Paralysed by an orc sorcerer for 3 turns
 23033 | Orc:2    | Found Bese's Antique Weapon Shoppe.
 23127 | Orc:2    | Bought a scroll of enchant armour for 97 gold pieces
 23251 | Elf:1    | Entered Level 1 of the Elven Halls
 23394 | Elf:1    | Paralysed by an air elemental for 1 turns
 23768 | Swamp:1  | Entered Level 1 of the Swamp
 23805 | Swamp:1  | Received a gift from Trog
 24793 | Swamp:1  | Noticed Roxanne
 25766 | Swamp:3  | Received a gift from Trog
 26567 | Swamp:4  | Entered Level 4 of the Swamp
 26798 | Swamp:4  | Reached XP level 16. HP: 114/155 MP: 15/15
 26801 | Swamp:4  | Noticed Donald
 27004 | Swamp:3  | Killed Donald
 27225 | Swamp:4  | Noticed Kirke
 27234 | Swamp:4  | Killed Kirke
 27463 | Swamp:3  | Paralysed by a vampire knight for 5 turns
 27904 | Spider:1 | Entered Level 1 of the Spider Nest
 27910 | Spider:1 | Received a gift from Trog
 28291 | Spider:1 | Noticed Frances
 28307 | Spider:1 | Killed Frances
 28807 | Spider:2 | Received a gift from Trog
 29690 | Spider:2 | Received a gift from Trog
 30254 | Orc:2    | Bought the +5 demon whip "Spellbinder" {antimagic, disrupt,
                  | Will+} for 1982 gold pieces
 30254 | Orc:2    | Found the +5 demon whip "Spellbinder" {antimagic, disrupt,
                  | Will+}
 31174 | Spider:3 | Identified the ring "Koorisod" {rF- rC++ rCorr}
 31476 | Spider:3 | Reached XP level 17. HP: 166/166 MP: 16/16
 31640 | Spider:3 | Identified the +1 robe of Huewoddo {rElec Str+2 Archmagi}
 32819 | Spider:4 | Entered Level 4 of the Spider Nest
 33444 | Spider:4 | Received a gift from Trog
 33782 | Spider:4 | Identified the +2 hat "Vofa" {Int+6}
 33805 | Spider:4 | Got a gossamer rune of Zot
 34796 | Swamp:4  | Received a gift from Trog
 35287 | Swamp:4  | Found a blossoming altar of Fedhas.
 35331 | Swamp:4  | Found a basalt altar of Yredelemnul.
 35346 | Swamp:4  | Got a decaying rune of Zot
 35681 | Swamp:4  | Noticed Bai Suzhen
 35705 | Swamp:4  | Killed Bai Suzhen
 36634 | Elf:1    | Found a large runed translucent door.
 36634 | Elf:1    | Found a large runed translucent door.
 36635 | Elf:1    | Noticed Suoweyxo's ghost (adept KoBr)
 36838 | Elf:1    | Killed Suoweyxo's ghost
 36913 | Elf:2    | Found a radiant altar of Vehumet.
 36944 | Elf:2    | Reached XP level 18. HP: 22/178 MP: 5/17
 36946 | Elf:2    | HP: 7/178 [water elemental (9)]
 36947 | Elf:2    | HP: 2/178 [drowned by a water elemental (5)]
 36949 | Elf:2    | Received a gift from Trog
 36997 | Elf:2    | Paralysed by an air elemental for 1 turns
 37002 | Elf:1    | Paralysed by an air elemental for 1 turns
 37387 | Elf:2    | Found Ymihuw's Firing Range.
 37398 | Elf:2    | Bought a throwing net for 45 gold pieces
 37801 | Elf:2    | Found a runed translucent gate.
 37815 | Elf:2    | Found a runed translucent gate.
 37815 | Elf:2    | Found a runed translucent gate.
 37887 | Elf:2    | Paralysed by an air elemental for 1 turns
 38173 | Elf:2    | Received a gift from Trog
 38208 | Elf:2    | Noticed Agnes
 38446 | Elf:2    | Killed Agnes
 38630 | Elf:2    | Mangled by a +4 lajatang of draining

Illustrated notes

Levels and vault maps discovered:
D:1:      minmay_arrival_split_and_join, layout_loops_ring
D:2:      layout_loops_ring, dilly_ecumenical_altar_fadedgnrine, uniq_natasha,
          uniq_crazy_yiuf_cottage
D:3:      layout_basic, nicolae_ru_awakened_eye, grunt_ministairs_7,
          minmay_misc_feat_room
D:4:      wad_river_or_something, layout_basic,
          minmay_temple_entry_gardened_gates, st_stairs_14, uniq_eustachio
D:5:      layout_basic, mainiacjoe_overflow_small_starburst, lemuel_tele_altar
D:6:      layout_basic, okawaru_trees_1, lemuel_coloured_pillars_altar,
          worldfamousw_hep_ancestral_shrine, corexii_hall_statues_x,
          uniq_grinder, uniq_blork_the_orc
D:7:      layout_loops_corners, mainiacjoe_overflow_tiny_flanked,
          lightli_temple_of_fire, doesnt_xom_only_xom, enter_bailey_4
D:8:      layout_gridville, mainiacjoe_overflow_catwalk, lair_entry_dummy,
          nicolae_diode_quadrants
D:9:      layout_basic, nicolae_two_hexagons, uniq_gastronok
D:10:     layout_roguey, mainiacjoe_overflow_alcove_4, zombieorc2_lemuel,
          serial_demonic, serial_demonic_g, serial_demonic_g, serial_demonic_a,
          serial_demonic_b, serial_demonic_a, minmay_statue_bubble
D:11:     layout_roguey
D:12:     layout_irregular_city, serial_shops, nicolae_shop_crystal,
          nicolae_shop_behind_doors, uniq_jorgrun
D:13:     layout_cave_pools, lightli_vaults_fourway_checkpoint, serial_shops,
          shop_fountains, shop, nicolae_shop_peninsula, nicolae_shop_tiny_glass,
          shop, ebering_ghost_xom
Lair:1:   layout_cellular_growth, uniq_joseph
Lair:2:   layout_roguey, palyth_hydra_swamp_entry, minmay_hedge_maze
Lair:3:   layout_long_grid, nicolae_spider_entry_lesser_pyramids, uniq_josephine
Lair:4:   layout_misc_corridors, hellmonk_ghost_happy_afterlife,
          gauntlet_entry_generic, cheibrodos_lair_caveside_slide,
          infiniplex_staircase_pool
Lair:5:   grunt_lair_end_beastmaster, layout_regular_city,
          dpeg_slime_entry_corner, st_stairs_10, nicolae_lair_lakeside_cave,
          serial_bayou_shore_a
Swamp:1:  layout_basic_swamp, hangedman_swamp_ruin_wall, uniq_roxanne
Swamp:2:  layout_falls_marsh, hangedman_swamp_cone
Swamp:3:  layout_falls_marsh, nicolae_swamp_long_stream, swamp_pool5,
          nicolae_swamp_round_clearing
Swamp:4:  byrel_swamp_growth_death_and_undeath, layout_basic_swamp, uniq_donald,
          uniq_bai_suzhen, uniq_kirke
Spider:1: layout_spider_delve, uniq_frances
Spider:2: layout_spider_delve, nicolae_spider_nooks_and_crannies
Spider:3: layout_spider_delve, nicolae_spider_bug_shape
Spider:4: grunt_spider_rune_parallel
Orc:1:    dreamdust_dug_too_deep, layout_caves, dreamdust_deal_with_the_devil
Orc:2:    grunt_orc_gardens, layout_caves, grunt_orc_garden, grunt_orc_garden,
          grunt_orc_garden, grunt_orc_garden
Elf:1:    nicolae_elf_arrival_fired_up, layout_loops_cross,
          ebering_ghost_disaster_area, minmay_elf_demonology
Elf:2:    nicolae_elf_blades_splatter_lattice [nicolae_blade_tridents],
          layout_loops_cross, basic_altar, grunt_ministairs_15, minivault_19,
          dreamdust_princess_corridor, drop_trap, nicolae_shop_firing_range,
          uniq_agnes

Skill      XL: |  1  2  3  4  5  6  7  8  9 10 11 12 13 14 15 16 17 18 |
---------------+-------------------------------------------------------+-----
Fighting       | 4 5 6 8 10 12 13 14 16 17 18 19 20 | 20.3
Axes           | 4 5 6 7 10 12 13 14 16 17 18 19 20 | 20.3
Armour         | 3 4 5 6 7 10 11 13 14 16 17 18 19 20 | 20.2
Dodging        | 3 4 |  4.0
Shields        | 2 3 5 9 11 12 14 15 16 18 19 | 19.7
Short Blades   | 4 |  4.8

Action                     |  1- 3 |  4- 6 |  7- 9 | 10-12 | 13-15 | 16-18 || total
---------------------------+-------+-------+-------+-------+-------+-------++-------
  Melee: Hand axe          |    56 |   114 |   162 |       |       |       ||   332
         Headbutt          |    11 |    20 |    30 |    56 |   167 |   246 ||   530
         Punch             |       |     3 |       |       |       |       ||     3
         Short sword       |       |       |     2 |     8 |    27 |    48 ||    85
         War axe           |       |       |    52 |   354 |   732 |    43 ||  1181
         Broad axe         |       |       |       |       |    11 |   614 ||   625
         Demon whip        |       |       |       |       |       |   323 ||   323
  Throw: Dart              |       |       |     1 |     5 |     4 |     3 ||    13
         Throwing net      |       |       |     1 |       |     2 |     2 ||     5
 Invoke: Berserk           |       |       |       |     3 |     2 |     4 ||     9
         Brothers in Arms  |       |       |       |     1 |     3 |     4 ||     8
         Trog's Hand       |       |       |       |       |       |     1 ||     1
  Evoke: Wand              |       |       |     4 |     6 |     6 |    17 ||    33
    Use: Scroll            |       |     3 |     5 |    19 |    14 |     9 ||    50
         Potion            |       |       |     1 |       |     5 |     4 ||    10
   Stab: Distracted        |       |       |       |       |     5 |       ||     5
         Petrified         |       |       |       |       |     2 |       ||     2
 Armour: Ring mail         |    11 |       |       |       |       |       ||    11
         Scale mail        |    29 |    57 |       |       |       |       ||    86
         Chain mail        |       |    27 |   248 |   254 |       |       ||   529
         Plate armour      |       |       |       |   245 |  1029 |   685 ||  1959
         Acid dragon scale |       |       |       |       |     2 |   240 ||   242
  Dodge: Dodged            |    29 |    64 |   144 |   209 |   421 |   325 ||  1192
         Repelled          |       |       |       |       |       |    10 ||    10
  Block: Buckler           |       |     3 |    57 |   165 |    16 |       ||   241
         Tower shield      |       |       |       |       |   155 |  1030 ||  1185

Table legend: (Time is in decaauts)
 A = Elapsed time spent in this place.
 B = Non-inter-level travel time spent in this place.
 C = Inter-level travel time spent in this place.
 D = Time resting spent in this place.
 E = Time spent auto-exploring this place.
 F = Levels seen in this place.
 G = Mean time per level.
                   A        B        C        D        E       F      G
               +--------+--------+--------+--------+--------+-----+--------+
         Total |  38783 |  35821 |   2962 |   3638 |  26156 |  32 | 1212.0 |
       Dungeon |  12913 |  11899 |   1014 |    816 |   9108 |  13 |  993.3 |
          Lair |   8658 |   7589 |   1069 |    516 |   6056 |   5 | 1731.6 |
         Swamp |   5691 |   5411 |    280 |   1710 |   2855 |   4 | 1422.8 |
   Spider Nest |   5490 |   5075 |    415 |    241 |   3918 |   4 | 1372.5 |
  Orcish Mines |   2585 |   2411 |    174 |      0 |   2125 |   2 | 1292.5 |
   Elven Halls |   2350 |   2341 |      9 |    245 |   1614 |   2 | 1175.0 |
        Bailey |    453 |    453 |      0 |      0 |    331 |   1 |  453.0 |
      Gauntlet |    638 |    638 |      0 |    110 |    148 |   1 |  638.0 |
               +--------+--------+--------+--------+--------+-----+--------+

Top non-repeatable levels by time:
  Lair:5: 2533 daAuts
Spider:2: 2247 daAuts
 Swamp:3: 2116 daAuts
  Lair:2: 1791 daAuts
  Lair:1: 1752 daAuts
  Lair:3: 1517 daAuts
 Swamp:4: 1464 daAuts
    D:10: 1408 daAuts
   Elf:2: 1339 daAuts
   Orc:2: 1300 daAuts
   Orc:1: 1285 daAuts
Spider:4: 1262 daAuts
     D:9: 1233 daAuts
    D:11: 1216 daAuts
 Swamp:1: 1211 daAuts
